Cape Breton Oilers vs Laval Squanderers
Created - Tuesday, March 28, 2023 at 07:28
Goals
|
| Cape Breton Oilers |
0 |
1 |
5 |
6 |
| Laval Squanderers |
0 |
3 |
2 |
5 |
|
Shots
|
| Cape Breton Oilers |
3 |
8 |
17 |
28 |
| Laval Squanderers |
10 |
11 |
7 |
28 |
|
1st period
No Goal
Penalties :
Graeme Clarke (LSQ) for Tripping (Minor) at 6:13, Juuso Valimaki (CBO) for Roughing (Minor) at 13:12
2nd period
1. Laval Squanderers , Braden Schneider 3 (Connor Clifton 4, Simon Holmstrom 6) at 2:10 (PP)
2. Laval Squanderers , Mackenzie MacEachern 6 (Braden Schneider 7, Oliver Wahlstrom 7) at 9:12
3. Cape Breton Oilers , Connor Bunnaman 4 (Egor Afanasyev 8, Juuso Valimaki 5) at 19:05 (PP)
4. Laval Squanderers , Reese Johnson 6 (Lias Andersson 5, Simon Holmstrom 7) at 19:16
Penalties :
Parker Kelly (CBO) for Hooking (Minor) at 2:05, Joey Keane (LSQ) for Slashing (Minor) at 3:19, Mads Sogaard (LSQ) for Slashing (Minor) at 9:43 - Graeme Clarke served the penalty, Martin Kaut (LSQ) for High sticking (Minor) at 17:27, Connor Clifton (LSQ) for Fighting (Major) at 19:26, Parker Kelly (CBO) for Fighting (Major) at 19:26
3rd period
5. Laval Squanderers , Mackenzie MacEachern 7 (Brett Howden 2, Braden Schneider 8) at 0:10
6. Cape Breton Oilers , Alexey Toropchenko 8 (Max Jones 1) at 1:15 (PP)
7. Cape Breton Oilers , Egor Afanasyev 4 (Connor Bunnaman 4, Hudson Fasching 3) at 2:39 (PP)
8. Cape Breton Oilers , Jonah Gadjovich 3 (Philip Broberg 2, Kody Clark 2) at 5:39
9. Laval Squanderers , Lukas Reichel 1 (Kaedan Korczak 2, Martin Kaut 8) at 15:38
10. Cape Breton Oilers , Jonah Gadjovich 4 (Vladislav Kolyachonok 4) at 16:13
11. Cape Breton Oilers , Marcus Pettersson 1 (Carl Grundstrom 8, Parker Kelly 4) at 17:13 (PP)
Penalties :
Martin Kaut (LSQ) for Charging (Minor) at 1:13, Braden Schneider (LSQ) for Fighting (Major) at 1:23, Marcus Pettersson (CBO) for Fighting (Major) at 1:23, Braden Schneider (LSQ) for instigated a fight (Minor) at 1:23, Braden Schneider (LSQ) for instigated a fight (10 Minutes Misconduct) at 1:23, Oliver Wahlstrom (LSQ) for Holding (Minor) at 17:10, Marcus Pettersson (CBO) for Boarding (Minor) at 17:18
Goalie Stats
Jack LaFontaine (CBO), 23 saves from 28 shots - (0.821), W, 1-0-0, 60:00 minutes
Mads Sogaard (LSQ), 22 saves from 28 shots - (0.786), L, 5-7-0, 59:26 minutes
Players Stats for Cape Breton Oilers
Player Name G A P +/- PIM S H SB GA TA FO MP PP MP PK MP
------------------------------------------------------------------------------------
Alexey Toropchenko 1 0 1 -3 0 5 2 0 0 1 1/1 20:56 4:55 0:57
Carl Grundstrom 0 1 1 -3 0 3 2 1 0 0 4/6 23:35 4:55 2:17
Connor Bunnaman 1 1 2 -1 0 3 0 0 1 1 4/4 19:59 3:30 0:57
Egor Afanasyev 1 1 2 -1 0 4 2 0 1 0 1/1 18:03 3:33 0:00
Hudson Fasching 0 1 1 -1 0 0 0 0 0 0 1/1 17:57 3:33 0:00
J.D. Greenway 0 0 0 0 0 0 1 0 0 0 0/0 5:35 0:00 0:23
Jonah Gadjovich 2 0 2 2 0 6 1 1 0 0 0/0 12:50 0:28 0:00
Juuso Valimaki 0 1 1 -1 2 1 2 2 1 0 0/0 24:10 6:02 1:24
Kevin Bahl 0 0 0 0 0 0 0 0 0 0 0/0 19:41 2:54 1:22
Kody Clark 0 1 1 2 0 1 2 1 2 0 1/2 13:26 0:00 0:54
Leon Gawanke 0 0 0 -1 0 0 2 2 1 0 0/0 12:46 0:00 2:13
Luke Evangelista 0 0 0 0 0 0 0 0 0 0 0/0 5:42 0:28 0:00
Marcus Pettersson 1 0 1 -2 7 3 2 0 0 1 0/0 24:59 5:08 1:22
Max Jones 0 1 1 -1 0 0 0 0 0 0 2/8 9:29 1:27 0:49
Parker Kelly 0 1 1 -2 7 2 2 0 0 0 8/27 19:37 3:59 2:12
Philip Broberg 0 1 1 0 0 0 1 2 0 0 0/0 13:30 0:54 0:00
Vladislav Kolyachonok 0 1 1 0 0 0 1 0 0 1 0/0 19:41 2:54 1:22
Will Cuylle 0 0 0 2 0 0 0 0 0 0 1/2 13:56 0:00 0:00
Players Stats for Laval Squanderers
Player Name G A P +/- PIM S H SB GA TA FO MP PP MP PK MP
------------------------------------------------------------------------------------
Braden Schneider 1 2 3 3 17 5 2 2 0 0 0/0 20:21 2:44 4:38
Brayden Tracey 0 0 0 0 0 1 0 0 0 0 0/0 4:12 0:00 0:00
Brett Howden 0 1 1 1 0 5 4 3 2 0 18/31 24:37 1:53 5:16
Connor Clifton 0 1 1 0 5 1 2 0 0 0 0/0 24:33 2:44 4:36
Danila Klimovich 0 0 0 0 0 0 1 0 0 0 1/4 6:38 0:00 0:00
Graeme Clarke 0 0 0 1 2 0 2 0 0 0 0/0 12:27 0:00 0:00
Joey Keane 0 0 0 1 2 1 1 0 0 1 0/0 14:09 0:00 1:18
Justin Barron 0 0 0 0 0 1 2 0 0 3 0/0 20:46 1:19 3:02
Kaedan Korczak 0 1 1 0 0 1 3 1 0 1 0/0 16:32 0:00 0:00
Kyle Burroughs 0 0 0 0 0 0 3 0 0 0 0/0 22:20 1:19 4:18
Lias Andersson 0 1 1 0 0 2 2 1 1 0 4/7 16:10 2:10 0:46
Lukas Reichel 1 0 1 1 0 1 2 0 0 0 0/0 12:15 0:00 0:00
Mackenzie MacEachern 2 0 2 1 0 2 2 0 0 1 2/3 16:54 1:53 0:00
Martin Kaut 0 1 1 1 4 1 0 1 0 0 1/1 14:39 0:00 2:26
Mike Hardman 0 0 0 0 0 1 2 0 0 0 0/0 7:54 0:00 1:07
Oliver Wahlstrom 0 1 1 1 2 4 2 1 0 0 1/3 22:42 1:53 5:23
Reese Johnson 1 0 1 0 0 1 3 0 0 0 2/2 18:21 2:10 2:54
Simon Holmstrom 0 2 2 0 0 1 2 0 1 0 0/1 15:27 2:10 0:00
3 Stars
1 - Jonah Gadjovich (CBO)
2 - Mackenzie MacEachern (LSQ)
3 - Egor Afanasyev (CBO)
Power Play
Cape Breton Oilers - 4 on 7 Attempt(s) - 57.14%
Laval Squanderers - 1 on 3 Attempt(s) - 33.33%
Penalty Kill
Cape Breton Oilers - 2 on 3 Attempt(s) - 66.67%
- Score 0 goal in Penalty Kill
Laval Squanderers - 3 on 7 Attempt(s) - 42.86%
- Score 0 goal in Penalty Kill
Team Stat
Cape Breton Oilers - Hits : 20 - Faceoff Wins : 23 - Blocked Shots : 9 - Penalty Minutes : 16
Laval Squanderers - Hits : 35 - Faceoff Wins : 29 - Blocked Shots : 9 - Penalty Minutes : 34
Official
Referees : Gord Dwyer and Greg Kimmerly
Linesman : Mark Wheler and Derek Amell
Game Notes
Parker Kelly beats up Connor Clifton at 19:26 of 2nd period
Braden Schneider beats up Marcus Pettersson at 1:23 of 3rd period
Cape Breton Oilers
5 vs 5 Forward
Center Left Wing Right Wing Time % Phy DF OF
1 Parker Kelly Carl Grundstrom Alexey Toropchenko 40 1 2 2
2 Connor Bunnaman Egor Afanasyev Hudson Fasching 30 1 2 2
3 Will Cuylle Jonah Gadjovich Kody Clark 20 1 2 2
4 Carl Grundstrom Will Cuylle Luke Evangelista 10 1 2 2
5 vs 5 Defense
Defense Defense Time % Phy DF OF
1 Marcus Pettersson Juuso Valimaki 40 1 2 2
2 Kevin Bahl Vladislav Kolyachonok 30 1 2 2
3 Philip Broberg Leon Gawanke 20 1 2 2
4 J.D. Greenway Marcus Pettersson 10 1 2 2
PowerPlay Forward
Center Left Wing Right Wing Time % Phy DF OF
1 Parker Kelly Carl Grundstrom Alexey Toropchenko 60 1 2 2
2 Connor Bunnaman Egor Afanasyev Hudson Fasching 40 1 2 2
PowerPlay Defense
Defense Defense Time % Phy DF OF
1 Marcus Pettersson Juuso Valimaki 60 1 2 2
2 Kevin Bahl Vladislav Kolyachonok 40 1 2 2
Penalty Kill 4 Players Forward
Center Wing Time % Phy DF OF
1 Carl Grundstrom Parker Kelly 60 1 2 2
2 Alexey Toropchenko Connor Bunnaman 40 1 2 2
Penalty Kill 4 Players Defense
Defense Defense Time % Phy DF OF
1 Marcus Pettersson Juuso Valimaki 60 1 2 2
2 Kevin Bahl Vladislav Kolyachonok 40 1 2 2
Penalty Kill - 3 Players Forward
Forward Time % Phy DF OF
1 Carl Grundstrom 60 1 2 2
2 Parker Kelly 40 1 2 2
Penalty Kill - 3 Players Defense
Defense Defense Time % Phy DF OF
1 Marcus Pettersson Juuso Valimaki 60 1 2 2
2 Kevin Bahl Vladislav Kolyachonok 40 1 2 2
4 vs 4 Forward
Center Wing Time % Phy DF OF
1 Carl Grundstrom Parker Kelly 60 1 2 2
2 Alexey Toropchenko Connor Bunnaman 40 1 2 2
4 vs 4 Defense
Defense Defense Time % Phy DF OF
1 Marcus Pettersson Juuso Valimaki 60 1 2 2
2 Kevin Bahl Vladislav Kolyachonok 40 1 2 2
Last Minutes Offensive
Center Left Wing Right Wing Defense Defense
Parker Kelly Carl Grundstrom Alexey Toropchenko Marcus Pettersson Juuso Valimaki
Last Minutes Defensive
Center Left Wing Right Wing Defense Defense
Parker Kelly Carl Grundstrom Alexey Toropchenko Marcus Pettersson Juuso Valimaki
Goaltenders
Starting : Jack LaFontaine
Backup : Matthew Villalta
Extra Forwards
Normal : Max Jones, Jonah Gadjovich, Kody Clark - PP : Max Jones, Jonah Gadjovich - PK : Kody Clark
Extra Defensemen
Normal : Philip Broberg, Leon Gawanke, J.D. Greenway - PP : Philip Broberg - PK : Leon Gawanke, J.D. Greenway
Penalty Shots
Carl Grundstrom, Parker Kelly, Alexey Toropchenko, Connor Bunnaman, Egor Afanasyev
Laval Squanderers
5 vs 5 Forward
Center Left Wing Right Wing Time % Phy DF OF
1 Brett Howden Mackenzie MacEachern Oliver Wahlstrom 40 1 2 2
2 Lias Andersson Simon Holmstrom Reese Johnson 30 1 2 2
3 Graeme Clarke Lukas Reichel Martin Kaut 20 1 2 2
4 Danila Klimovich Mike Hardman Brett Howden 10 1 2 2
5 vs 5 Defense
Defense Defense Time % Phy DF OF
1 Connor Clifton Braden Schneider 40 1 2 2
2 Kyle Burroughs Justin Barron 30 1 2 2
3 Kaedan Korczak Joey Keane 20 1 2 2
4 Connor Clifton Braden Schneider 10 1 2 2
PowerPlay Forward
Center Left Wing Right Wing Time % Phy DF OF
1 Brett Howden Mackenzie MacEachern Oliver Wahlstrom 60 1 2 2
2 Lias Andersson Simon Holmstrom Reese Johnson 40 1 2 2
PowerPlay Defense
Defense Defense Time % Phy DF OF
1 Connor Clifton Braden Schneider 60 1 2 2
2 Kyle Burroughs Justin Barron 40 1 2 2
Penalty Kill 4 Players Forward
Center Wing Time % Phy DF OF
1 Brett Howden Oliver Wahlstrom 60 1 2 2
2 Reese Johnson Martin Kaut 40 1 2 2
Penalty Kill 4 Players Defense
Defense Defense Time % Phy DF OF
1 Connor Clifton Braden Schneider 60 1 2 2
2 Kyle Burroughs Justin Barron 40 1 2 2
Penalty Kill - 3 Players Forward
Forward Time % Phy DF OF
1 Brett Howden 60 1 2 2
2 Oliver Wahlstrom 40 1 2 2
Penalty Kill - 3 Players Defense
Defense Defense Time % Phy DF OF
1 Connor Clifton Braden Schneider 60 1 2 2
2 Kyle Burroughs Justin Barron 40 1 2 2
4 vs 4 Forward
Center Wing Time % Phy DF OF
1 Brett Howden Oliver Wahlstrom 60 1 2 2
2 Reese Johnson Martin Kaut 40 1 2 2
4 vs 4 Defense
Defense Defense Time % Phy DF OF
1 Connor Clifton Braden Schneider 60 1 2 2
2 Kyle Burroughs Justin Barron 40 1 2 2
Last Minutes Offensive
Center Left Wing Right Wing Defense Defense
Brett Howden Mackenzie MacEachern Oliver Wahlstrom Connor Clifton Braden Schneider
Last Minutes Defensive
Center Left Wing Right Wing Defense Defense
Brett Howden Mackenzie MacEachern Oliver Wahlstrom Connor Clifton Braden Schneider
Goaltenders
Starting : Mads Sogaard
Backup : Dylan Garand
Extra Forwards
Normal : Brayden Tracey, Lukas Reichel, Mike Hardman - PP : Brayden Tracey, Lukas Reichel - PK : Mike Hardman
Extra Defensemen
Normal : Kaedan Korczak, Joey Keane, Kyle Burroughs - PP : Kaedan Korczak - PK : Joey Keane, Kyle Burroughs
Penalty Shots
Brett Howden, Oliver Wahlstrom, Reese Johnson, Martin Kaut, Mackenzie MacEachern
% Time on Ice - Cape Breton Oilers
Lines # - Real PCT - Wanted PCT - Time Play
Normal Forward
1 - 32% - 40% - 14:50
2 - 31% - 30% - 14:24
3 - 26% - 20% - 11:54
4 - 11% - 10% - 5:14
Normal Defense
1 - 34% - 40% - 15:44
2 - 33% - 30% - 15:25
3 - 22% - 20% - 10:04
4 - 11% - 10% - 5:09
PP Forward
1 - 60% - 60% - 5:23
2 - 40% - 40% - 3:33
PP Defense
1 - 68% - 60% - 6:02
2 - 32% - 40% - 2:54
PK Forward
1 - 77% - 60% - 3:06
2 - 23% - 40% - 0:57
PK Defense
1 - 66% - 60% - 2:41
2 - 34% - 40% - 1:22
PK3 Forward
1 - 0% - 60%
2 - 0% - 40%
PK3 Defense
1 - 0% - 60%
2 - 0% - 40%
44 Forward
1 - 0% - 60%
2 - 0% - 40%
44 Defense
1 - 0% - 60%
2 - 0% - 40%
Last Minute Offensive - 0:00
Last Minute Defensive - 0:39
Total
Forward - 60:00
Defense - 60:00
|
% Time on Ice - Laval Squanderers
Lines # - Real PCT - Wanted PCT - Time Play
Normal Forward
1 - 31% - 40% - 14:31
2 - 29% - 30% - 13:17
3 - 26% - 20% - 12:07
4 - 14% - 10% - 6:24
Normal Defense
1 - 42% - 40% - 19:40
2 - 31% - 30% - 14:14
3 - 22% - 20% - 10:00
4 - 5% - 10% - 2:25
PP Forward
1 - 47% - 60% - 1:53
2 - 53% - 40% - 2:10
PP Defense
1 - 67% - 60% - 2:44
2 - 33% - 40% - 1:19
PK Forward
1 - 68% - 60% - 6:02
2 - 32% - 40% - 2:54
PK Defense
1 - 66% - 60% - 5:54
2 - 34% - 40% - 3:02
PK3 Forward
1 - 0% - 60%
2 - 0% - 40%
PK3 Defense
1 - 0% - 60%
2 - 0% - 40%
44 Forward
1 - 0% - 60%
2 - 0% - 40%
44 Defense
1 - 0% - 60%
2 - 0% - 40%
Last Minute Offensive - 0:42
Last Minute Defensive - 0:00
Total
Forward - 60:00
Defense - 60:00
|
Play-by-Play
1st period
0:01 of 1st period - Brett Howden wins face-off versus Parker Kelly in neutral zone.
0:04 of 1st period - Snap shot by Brett Howden.
0:04 of 1st period - Shot Misses the Net.
1:09 of 1st period - Snap shot by Brett Howden.
1:09 of 1st period - Stopped by Jack LaFontaine without a rebound.
1:10 of 1st period - Connor Bunnaman wins face-off versus Danila Klimovich in Cape Breton Oilers zone.
1:15 of 1st period - Wrist shot by Egor Afanasyev.
1:15 of 1st period - Shot Misses the Net.
1:24 of 1st period - Icing by Braden Schneider.
1:25 of 1st period - Carl Grundstrom wins face-off versus Danila Klimovich in Laval Squanderers zone.
1:58 of 1st period - Snap shot by Simon Holmstrom.
1:58 of 1st period - Stopped by Jack LaFontaine with a rebound.
2:18 of 1st period - Wrist shot by Martin Kaut.
2:18 of 1st period - Shot Misses the Net.
2:20 of 1st period - Slapshot by Justin Barron.
2:20 of 1st period - Shot Misses the Net.
2:35 of 1st period - Justin Barron is hit by Marcus Pettersson and loses puck.
3:26 of 1st period - Wrist shot by Martin Kaut.
3:26 of 1st period - Stopped by Jack LaFontaine without a rebound.
3:27 of 1st period - Brett Howden wins face-off versus Will Cuylle in Cape Breton Oilers zone.
3:30 of 1st period - Wrist shot by Oliver Wahlstrom.
3:30 of 1st period - Deflect By Brett Howden.
3:30 of 1st period - Stopped by Jack LaFontaine without a rebound.
3:31 of 1st period - Brett Howden wins face-off versus Parker Kelly in Cape Breton Oilers zone.
3:48 of 1st period - Brett Howden is hit by Parker Kelly and loses puck.
4:35 of 1st period - Snap shot by Oliver Wahlstrom.
4:35 of 1st period - Shot Misses the Net.
4:47 of 1st period - Snap shot by Oliver Wahlstrom.
4:47 of 1st period - Stopped by Jack LaFontaine with a rebound.
4:49 of 1st period - Wrist shot by Mackenzie MacEachern.
4:49 of 1st period - Deflect By Oliver Wahlstrom.
4:49 of 1st period - Shot Blocked by Philip Broberg.
4:49 of 1st period - Puck is out of play.
4:50 of 1st period - Lias Andersson wins face-off versus Parker Kelly in Cape Breton Oilers zone.
5:15 of 1st period - Justin Barron is hit by Vladislav Kolyachonok and loses puck.
5:24 of 1st period - Wrist shot by Jonah Gadjovich.
5:24 of 1st period - Shot Misses the Net.
5:26 of 1st period - Slapshot by Marcus Pettersson.
5:26 of 1st period - Stopped by Mads Sogaard with a rebound.
5:38 of 1st period - Wrist shot by Egor Afanasyev.
5:38 of 1st period - Shot Misses the Net.
5:40 of 1st period - Snap shot by Egor Afanasyev.
5:40 of 1st period - Shot Misses the Net.
6:13 of 1st period - Minor Penalty to Graeme Clarke for Tripping.
6:14 of 1st period - Parker Kelly wins face-off versus Brett Howden in Laval Squanderers zone.
6:14 of 1st period - Slapshot by Carl Grundstrom.
6:14 of 1st period - Deflect By Parker Kelly.
6:14 of 1st period - Shot Misses the Net.
6:14 of 1st period - Puck is out of play.
6:15 of 1st period - Brett Howden wins face-off versus Parker Kelly in Laval Squanderers zone.
6:24 of 1st period - Wrist shot by Brett Howden.
6:24 of 1st period - Shot Blocked by Carl Grundstrom.
6:40 of 1st period - Oliver Wahlstrom is hit by Marcus Pettersson and loses puck.
6:51 of 1st period - Snap shot by Egor Afanasyev.
6:51 of 1st period - Stopped by Mads Sogaard without a rebound.
6:52 of 1st period - Reese Johnson wins face-off versus Parker Kelly in Laval Squanderers zone.
8:13 of 1st period - Penalty to Graeme Clarke is over, Graeme Clarke is back on ice.
9:16 of 1st period - Parker Kelly is hit by Connor Clifton and loses puck.
10:53 of 1st period - Lukas Reichel is hit by Jonah Gadjovich and loses puck.
11:47 of 1st period - Wrist shot by Mackenzie MacEachern.
11:47 of 1st period - Shot Misses the Net.
11:49 of 1st period - Snap shot by Oliver Wahlstrom.
11:49 of 1st period - Stopped by Jack LaFontaine without a rebound.
11:50 of 1st period - Connor Bunnaman wins face-off versus Lias Andersson in Cape Breton Oilers zone.
12:01 of 1st period - Wrist shot by Lias Andersson.
12:01 of 1st period - Stopped by Jack LaFontaine with a rebound.
12:20 of 1st period - Off-side.
12:21 of 1st period - Martin Kaut wins face-off versus Parker Kelly in neutral zone.
12:26 of 1st period - Parker Kelly is hit by Graeme Clarke and loses puck.
12:43 of 1st period - Slapshot by Brett Howden.
12:43 of 1st period - Shot Blocked by Leon Gawanke.
12:45 of 1st period - Snap shot by Oliver Wahlstrom.
12:45 of 1st period - Stopped by Jack LaFontaine with a rebound.
12:47 of 1st period - Wrist shot by Mackenzie MacEachern.
12:47 of 1st period - Shot Misses the Net.
12:49 of 1st period - Slapshot by Joey Keane.
12:49 of 1st period - Shot Blocked by Leon Gawanke.
12:51 of 1st period - Snap shot by Oliver Wahlstrom.
12:51 of 1st period - Shot Blocked by Jonah Gadjovich.
13:03 of 1st period - Snap shot by Lias Andersson.
13:03 of 1st period - Shot Misses the Net.
13:05 of 1st period - Slapshot by Reese Johnson.
13:05 of 1st period - Shot Misses the Net.
13:07 of 1st period - Snap shot by Simon Holmstrom.
13:07 of 1st period - Shot Misses the Net.
13:09 of 1st period - Slapshot by Justin Barron.
13:09 of 1st period - Stopped by Jack LaFontaine without a rebound.
13:10 of 1st period - Parker Kelly wins face-off versus Oliver Wahlstrom in Cape Breton Oilers zone.
13:12 of 1st period - Minor Penalty to Juuso Valimaki for Roughing.
13:13 of 1st period - Carl Grundstrom wins face-off versus Brett Howden in Cape Breton Oilers zone.
14:02 of 1st period - Icing by Kyle Burroughs.
14:03 of 1st period - Lias Andersson wins face-off versus Kody Clark in Laval Squanderers zone.
15:03 of 1st period - Simon Holmstrom is hit by J.D. Greenway and loses puck.
15:12 of 1st period - Penalty to Juuso Valimaki is over, Juuso Valimaki is back on ice.
15:37 of 1st period - Snap shot by Connor Bunnaman.
15:37 of 1st period - Stopped by Mads Sogaard with a rebound.
15:39 of 1st period - Slapshot by Vladislav Kolyachonok.
15:39 of 1st period - Shot Blocked by Brett Howden.
16:19 of 1st period - Brayden Tracey is hit by Leon Gawanke and loses puck.
16:30 of 1st period - Marcus Pettersson is hit by Joey Keane and loses puck.
16:45 of 1st period - Parker Kelly is hit by Brett Howden and loses puck.
17:23 of 1st period - Mike Hardman is hit by Leon Gawanke and loses puck.
18:05 of 1st period - Jonah Gadjovich is hit by Mackenzie MacEachern and loses puck.
18:28 of 1st period - Snap shot by Mike Hardman.
18:28 of 1st period - Stopped by Jack LaFontaine with a rebound.
18:49 of 1st period - Lias Andersson is hit by Parker Kelly.
19:19 of 1st period - Kody Clark is hit by Lukas Reichel and loses puck.
Goals for this period are 0 for Cape Breton Oilers vs 0 for Laval Squanderers.
Shots for this period are 3 for Cape Breton Oilers vs 10 for Laval Squanderers.
2nd period
0:01 of 2nd period - Brett Howden wins face-off versus Parker Kelly in neutral zone.
0:08 of 2nd period - Snap shot by Alexey Toropchenko.
0:08 of 2nd period - Stopped by Mads Sogaard with a rebound.
0:14 of 2nd period - Snap shot by Parker Kelly.
0:14 of 2nd period - Shot Blocked by Oliver Wahlstrom.
0:16 of 2nd period - Snap shot by Alexey Toropchenko.
0:16 of 2nd period - Shot Misses the Net.
0:58 of 2nd period - Wrist shot by Jonah Gadjovich.
0:58 of 2nd period - Shot Blocked by Martin Kaut.
1:22 of 2nd period - Snap shot by Brett Howden.
1:22 of 2nd period - Stopped by Jack LaFontaine without a rebound.
1:23 of 2nd period - Brett Howden wins face-off versus Parker Kelly in Cape Breton Oilers zone.
1:36 of 2nd period - Wrist shot by Carl Grundstrom.
1:36 of 2nd period - Shot Blocked by Kaedan Korczak.
1:42 of 2nd period - Wrist shot by Carl Grundstrom.
1:42 of 2nd period - Shot Misses the Net.
1:48 of 2nd period - Parker Kelly is hit by Brett Howden and loses puck.
2:05 of 2nd period - Minor Penalty to Parker Kelly for Hooking.
2:06 of 2nd period - Lias Andersson wins face-off versus Carl Grundstrom in Cape Breton Oilers zone.
2:06 of 2nd period - Snap shot by Simon Holmstrom.
2:06 of 2nd period - Shot Misses the Net.
2:08 of 2nd period - Snap shot by Connor Clifton.
2:08 of 2nd period - Shot Blocked by Kody Clark.
2:10 of 2nd period - Wrist shot by Braden Schneider.
2:10 of 2nd period - Goal by Braden Schneider - Cape Breton Oilers : 0 - Laval Squanderers : 1.
2:11 of 2nd period - Brett Howden wins face-off versus Parker Kelly in neutral zone.
2:36 of 2nd period - Reese Johnson is hit by Egor Afanasyev and loses puck.
3:16 of 2nd period - Off-side.
3:17 of 2nd period - Danila Klimovich wins face-off versus Parker Kelly in neutral zone.
3:19 of 2nd period - Minor Penalty to Joey Keane for Slashing.
3:20 of 2nd period - Carl Grundstrom wins face-off versus Brett Howden in Laval Squanderers zone.
3:30 of 2nd period - Wrist shot by Carl Grundstrom.
3:30 of 2nd period - Shot Misses the Net.
3:58 of 2nd period - Hudson Fasching is hit by Braden Schneider and loses puck.
4:57 of 2nd period - Parker Kelly is hit by Reese Johnson and loses puck.
5:06 of 2nd period - Marcus Pettersson is hit by Kyle Burroughs and loses puck.
5:19 of 2nd period - Penalty to Joey Keane is over, Joey Keane is back on ice.
5:50 of 2nd period - Snap shot by Brett Howden.
5:50 of 2nd period - Stopped by Jack LaFontaine with a rebound.
5:52 of 2nd period - Snap shot by Mike Hardman.
5:52 of 2nd period - Shot Misses the Net.
8:24 of 2nd period - Snap shot by Egor Afanasyev.
8:24 of 2nd period - Shot Misses the Net.
8:49 of 2nd period - Vladislav Kolyachonok is hit by Reese Johnson and loses puck.
8:57 of 2nd period - Off-side.
8:58 of 2nd period - Brett Howden wins face-off versus Parker Kelly in neutral zone.
9:01 of 2nd period - Snap shot by Brett Howden.
9:01 of 2nd period - Shot Misses the Net.
9:03 of 2nd period - Snap shot by Oliver Wahlstrom.
9:03 of 2nd period - Shot Misses the Net.
9:05 of 2nd period - Slapshot by Braden Schneider.
9:05 of 2nd period - Stopped by Jack LaFontaine without a rebound.
9:06 of 2nd period - Brett Howden wins face-off versus Parker Kelly in Cape Breton Oilers zone.
9:10 of 2nd period - Slapshot by Braden Schneider.
9:10 of 2nd period - Shot Misses the Net.
9:12 of 2nd period - Snap shot by Mackenzie MacEachern.
9:12 of 2nd period - Goal by Mackenzie MacEachern - Cape Breton Oilers : 0 - Laval Squanderers : 2.
9:13 of 2nd period - Parker Kelly wins face-off versus Brett Howden in neutral zone.
9:26 of 2nd period - Slapshot by Alexey Toropchenko.
9:26 of 2nd period - Stopped by Mads Sogaard with a rebound.
9:28 of 2nd period - Snap shot by Parker Kelly.
9:28 of 2nd period - Shot Misses the Net.
9:38 of 2nd period - Connor Clifton is hit by Kody Clark and loses puck.
9:43 of 2nd period - Wrist shot by Jonah Gadjovich.
9:43 of 2nd period - Stopped by Mads Sogaard without a rebound.
9:43 of 2nd period - Minor Penalty to Mads Sogaard for Slashing.
9:44 of 2nd period - Parker Kelly wins face-off versus Brett Howden in Laval Squanderers zone.
10:34 of 2nd period - Icing by Alexey Toropchenko.
10:35 of 2nd period - Reese Johnson wins face-off versus Parker Kelly in Cape Breton Oilers zone.
10:40 of 2nd period - Snap shot by Martin Kaut.
10:40 of 2nd period - Shot Misses the Net.
10:46 of 2nd period - Martin Kaut is hit by Alexey Toropchenko and loses puck.
10:57 of 2nd period - Juuso Valimaki is hit by Braden Schneider and loses puck.
11:43 of 2nd period - Penalty to Graeme Clarke is over, Graeme Clarke is back on ice.
11:58 of 2nd period - Graeme Clarke is hit by Kody Clark and loses puck.
12:13 of 2nd period - Kody Clark is hit by Connor Clifton and loses puck.
12:38 of 2nd period - Will Cuylle is hit by Mackenzie MacEachern.
14:06 of 2nd period - Parker Kelly is hit by Simon Holmstrom and loses puck.
14:23 of 2nd period - Vladislav Kolyachonok is hit by Lukas Reichel and loses puck.
14:34 of 2nd period - Vladislav Kolyachonok is hit by Danila Klimovich and loses puck.
14:39 of 2nd period - Slapshot by Connor Clifton.
14:39 of 2nd period - Stopped by Jack LaFontaine with a rebound.
14:41 of 2nd period - Snap shot by Brayden Tracey.
14:41 of 2nd period - Stopped by Jack LaFontaine without a rebound.
14:42 of 2nd period - Egor Afanasyev wins face-off versus Mackenzie MacEachern in Cape Breton Oilers zone.
14:48 of 2nd period - Slapshot by Marcus Pettersson.
14:48 of 2nd period - Deflect By Connor Bunnaman.
14:48 of 2nd period - Stopped by Mads Sogaard with a rebound.
14:50 of 2nd period - Snap shot by Connor Bunnaman.
14:50 of 2nd period - Shot Misses the Net.
15:06 of 2nd period - Lias Andersson is hit by Carl Grundstrom.
16:00 of 2nd period - Reese Johnson is hit by Carl Grundstrom and loses puck.
16:11 of 2nd period - Kevin Bahl is hit by Justin Barron and loses puck.
16:24 of 2nd period - Wrist shot by Kody Clark.
16:24 of 2nd period - Stopped by Mads Sogaard with a rebound.
17:27 of 2nd period - Minor Penalty to Martin Kaut for High sticking.
17:28 of 2nd period - Brett Howden wins face-off versus Parker Kelly in Laval Squanderers zone.
17:28 of 2nd period - Brett Howden is hit by Juuso Valimaki.
17:40 of 2nd period - Slapshot by Marcus Pettersson.
17:40 of 2nd period - Stopped by Mads Sogaard without a rebound.
17:41 of 2nd period - Parker Kelly wins face-off versus Brett Howden in Laval Squanderers zone.
17:50 of 2nd period - Wrist shot by Alexey Toropchenko.
17:50 of 2nd period - Deflect By Parker Kelly.
17:50 of 2nd period - Stopped by Mads Sogaard with a rebound.
17:52 of 2nd period - Slapshot by Carl Grundstrom.
17:52 of 2nd period - Shot Blocked by Brett Howden.
17:54 of 2nd period - Slapshot by Parker Kelly.
17:54 of 2nd period - Shot Blocked by Braden Schneider.
17:56 of 2nd period - Slapshot by Parker Kelly.
17:56 of 2nd period - Shot Blocked by Brett Howden.
18:50 of 2nd period - Oliver Wahlstrom is hit by Juuso Valimaki and loses puck.
19:05 of 2nd period - Slapshot by Connor Bunnaman.
19:05 of 2nd period - Goal by Connor Bunnaman - Cape Breton Oilers : 1 - Laval Squanderers : 2.
19:06 of 2nd period - Lias Andersson wins face-off versus Parker Kelly in neutral zone.
19:09 of 2nd period - Alexey Toropchenko is hit by Simon Holmstrom and loses puck.
19:14 of 2nd period - Snap shot by Lias Andersson.
19:14 of 2nd period - Stopped by Jack LaFontaine with a rebound.
19:16 of 2nd period - Wrist shot by Reese Johnson.
19:16 of 2nd period - Goal by Reese Johnson - Cape Breton Oilers : 1 - Laval Squanderers : 3.
19:17 of 2nd period - Brett Howden wins face-off versus Parker Kelly in neutral zone.
19:26 of 2nd period - Parker Kelly beats up Connor Clifton.
19:26 of 2nd period - Penalty to Connor Clifton for Fighting.
19:26 of 2nd period - Penalty to Parker Kelly for Fighting.
19:27 of 2nd period - Brett Howden wins face-off versus Max Jones in Cape Breton Oilers zone.
19:32 of 2nd period - Wrist shot by Brett Howden.
19:32 of 2nd period - Shot Misses the Net.
19:34 of 2nd period - Slapshot by Kaedan Korczak.
19:34 of 2nd period - Shot Misses the Net.
19:36 of 2nd period - Snap shot by Braden Schneider.
19:36 of 2nd period - Deflect By Alexey Toropchenko.
19:36 of 2nd period - Stopped by Jack LaFontaine with a rebound.
19:38 of 2nd period - Slapshot by Kaedan Korczak.
19:38 of 2nd period - Stopped by Jack LaFontaine with a rebound.
19:40 of 2nd period - Snap shot by Mackenzie MacEachern.
19:40 of 2nd period - Shot Misses the Net.
19:42 of 2nd period - Slapshot by Braden Schneider.
19:42 of 2nd period - Shot Blocked by Juuso Valimaki.
Goals for this period are 1 for Cape Breton Oilers vs 3 for Laval Squanderers.
Shots for this period are 8 for Cape Breton Oilers vs 11 for Laval Squanderers.
3rd period
0:01 of 3rd period - Mackenzie MacEachern wins face-off versus Max Jones in neutral zone.
0:04 of 3rd period - Backhand shot by Braden Schneider.
0:04 of 3rd period - Stopped by Jack LaFontaine with a rebound.
0:06 of 3rd period - Slapshot by Braden Schneider.
0:06 of 3rd period - Stopped by Jack LaFontaine with a rebound.
0:08 of 3rd period - Wrist shot by Brett Howden.
0:08 of 3rd period - Stopped by Jack LaFontaine with a rebound.
0:10 of 3rd period - Slapshot by Mackenzie MacEachern.
0:10 of 3rd period - Goal by Mackenzie MacEachern - Cape Breton Oilers : 1 - Laval Squanderers : 4.
0:11 of 3rd period - Brett Howden wins face-off versus Max Jones in neutral zone.
0:16 of 3rd period - Snap shot by Oliver Wahlstrom.
0:16 of 3rd period - Shot Misses the Net.
0:36 of 3rd period - Egor Afanasyev is hit by Kaedan Korczak and loses puck.
1:13 of 3rd period - Minor Penalty to Martin Kaut for Charging.
1:14 of 3rd period - Max Jones wins face-off versus Oliver Wahlstrom in Laval Squanderers zone.
1:15 of 3rd period - Snap shot by Alexey Toropchenko.
1:15 of 3rd period - Goal by Alexey Toropchenko - Cape Breton Oilers : 2 - Laval Squanderers : 4.
1:16 of 3rd period - Brett Howden wins face-off versus Max Jones in neutral zone.
1:23 of 3rd period - Braden Schneider beats up Marcus Pettersson.
1:23 of 3rd period - Penalty to Braden Schneider for Fighting.
1:23 of 3rd period - Penalty to Marcus Pettersson for Fighting.
1:23 of 3rd period - Penalty to Braden Schneider for instigated a fight.
1:23 of 3rd period - Penalty to Braden Schneider for instigated a fight.
1:24 of 3rd period - Brett Howden wins face-off versus Max Jones in Laval Squanderers zone.
1:37 of 3rd period - Snap shot by Juuso Valimaki.
1:37 of 3rd period - Stopped by Mads Sogaard without a rebound.
1:38 of 3rd period - Max Jones wins face-off versus Brett Howden in Laval Squanderers zone.
2:11 of 3rd period - Slapshot by Alexey Toropchenko.
2:11 of 3rd period - Stopped by Mads Sogaard with a rebound.
2:13 of 3rd period - Snap shot by Juuso Valimaki.
2:13 of 3rd period - Deflect By Carl Grundstrom.
2:13 of 3rd period - Stopped by Mads Sogaard with a rebound.
2:15 of 3rd period - Slapshot by Alexey Toropchenko.
2:15 of 3rd period - Deflect By Carl Grundstrom.
2:15 of 3rd period - Stopped by Mads Sogaard with a rebound.
2:17 of 3rd period - Wrist shot by Alexey Toropchenko.
2:17 of 3rd period - Stopped by Mads Sogaard without a rebound.
2:18 of 3rd period - Hudson Fasching wins face-off versus Brett Howden in Laval Squanderers zone.
2:23 of 3rd period - Wrist shot by Egor Afanasyev.
2:23 of 3rd period - Stopped by Mads Sogaard without a rebound.
2:24 of 3rd period - Connor Bunnaman wins face-off versus Brett Howden in Laval Squanderers zone.
2:27 of 3rd period - Snap shot by Egor Afanasyev.
2:27 of 3rd period - Stopped by Mads Sogaard without a rebound.
2:28 of 3rd period - Connor Bunnaman wins face-off versus Brett Howden in Laval Squanderers zone.
2:39 of 3rd period - Snap shot by Egor Afanasyev.
2:39 of 3rd period - Goal by Egor Afanasyev - Cape Breton Oilers : 3 - Laval Squanderers : 4.
2:40 of 3rd period - Brett Howden wins face-off versus Max Jones in neutral zone.
3:06 of 3rd period - Reese Johnson is hit by Philip Broberg and loses puck.
3:17 of 3rd period - Philip Broberg is hit by Reese Johnson and loses puck.
3:30 of 3rd period - Wrist shot by Martin Kaut.
3:30 of 3rd period - Shot Misses the Net.
3:52 of 3rd period - Carl Grundstrom is hit by Brett Howden and loses puck.
4:19 of 3rd period - Leon Gawanke is hit by Kaedan Korczak.
4:23 of 3rd period - Hudson Fasching is hit by Kyle Burroughs.
4:46 of 3rd period - Will Cuylle is hit by Oliver Wahlstrom and loses puck.
5:11 of 3rd period - Wrist shot by Brett Howden.
5:11 of 3rd period - Shot Misses the Net.
5:13 of 3rd period - Wrist shot by Oliver Wahlstrom.
5:13 of 3rd period - Stopped by Jack LaFontaine with a rebound.
5:15 of 3rd period - Slapshot by Joey Keane.
5:15 of 3rd period - Stopped by Jack LaFontaine with a rebound.
5:17 of 3rd period - Snap shot by Brett Howden.
5:17 of 3rd period - Shot Misses the Net.
5:28 of 3rd period - Will Cuylle is hit by Oliver Wahlstrom and loses puck.
5:37 of 3rd period - Snap shot by Jonah Gadjovich.
5:37 of 3rd period - Stopped by Mads Sogaard with a rebound.
5:39 of 3rd period - Slapshot by Philip Broberg.
5:39 of 3rd period - Deflect By Jonah Gadjovich.
5:39 of 3rd period - Goal by Jonah Gadjovich - Cape Breton Oilers : 4 - Laval Squanderers : 4.
5:40 of 3rd period - Parker Kelly wins face-off versus Lias Andersson in neutral zone.
5:45 of 3rd period - Wrist shot by Alexey Toropchenko.
5:45 of 3rd period - Shot Misses the Net.
5:55 of 3rd period - Snap shot by Reese Johnson.
5:55 of 3rd period - Shot Blocked by Juuso Valimaki.
6:23 of 3rd period - Slapshot by Parker Kelly.
6:23 of 3rd period - Shot Hit the Post.
7:45 of 3rd period - Carl Grundstrom is hit by Mike Hardman and loses puck.
12:23 of 3rd period - Icing by Leon Gawanke.
12:24 of 3rd period - Carl Grundstrom wins face-off versus Danila Klimovich in Cape Breton Oilers zone.
12:57 of 3rd period - Lukas Reichel is hit by Egor Afanasyev and loses puck.
13:13 of 3rd period - Off-side.
13:14 of 3rd period - Will Cuylle wins face-off versus Lias Andersson in neutral zone.
13:17 of 3rd period - Slapshot by Marcus Pettersson.
13:17 of 3rd period - Shot Blocked by Lias Andersson.
13:25 of 3rd period - Will Cuylle is hit by Kyle Burroughs.
14:02 of 3rd period - Carl Grundstrom is hit by Graeme Clarke and loses puck.
14:17 of 3rd period - Jonah Gadjovich is hit by Lias Andersson and loses puck.
14:34 of 3rd period - Connor Bunnaman is hit by Mike Hardman and loses puck.
14:54 of 3rd period - Snap shot by Oliver Wahlstrom.
14:54 of 3rd period - Shot Misses the Net.
15:32 of 3rd period - Wrist shot by Martin Kaut.
15:32 of 3rd period - Shot Misses the Net.
15:34 of 3rd period - Slapshot by Kaedan Korczak.
15:34 of 3rd period - Shot Blocked by Philip Broberg.
15:36 of 3rd period - Snap shot by Lukas Reichel.
15:36 of 3rd period - Shot Misses the Net.
15:38 of 3rd period - Wrist shot by Lukas Reichel.
15:38 of 3rd period - Goal by Lukas Reichel - Cape Breton Oilers : 4 - Laval Squanderers : 5.
15:39 of 3rd period - Brett Howden wins face-off versus Parker Kelly in neutral zone.
15:46 of 3rd period - Marcus Pettersson is hit by Brett Howden and loses puck.
15:53 of 3rd period - Wrist shot by Parker Kelly.
15:53 of 3rd period - Stopped by Mads Sogaard with a rebound.
15:55 of 3rd period - Snap shot by Carl Grundstrom.
15:55 of 3rd period - Stopped by Mads Sogaard with a rebound.
16:09 of 3rd period - Snap shot by Jonah Gadjovich.
16:09 of 3rd period - Shot Misses the Net.
16:11 of 3rd period - Snap shot by Jonah Gadjovich.
16:11 of 3rd period - Stopped by Mads Sogaard with a rebound.
16:13 of 3rd period - Wrist shot by Jonah Gadjovich.
16:13 of 3rd period - Goal by Jonah Gadjovich - Cape Breton Oilers : 5 - Laval Squanderers : 5.
16:14 of 3rd period - Parker Kelly wins face-off versus Brett Howden in neutral zone.
16:17 of 3rd period - Slapshot by Juuso Valimaki.
16:17 of 3rd period - Shot Misses the Net.
16:19 of 3rd period - Snap shot by Parker Kelly.
16:19 of 3rd period - Shot Misses the Net.
16:23 of 3rd period - 10 Minutes Misconduct Penalty to Braden Schneider is over.
16:41 of 3rd period - Hudson Fasching is hit by Kaedan Korczak and loses puck.
16:48 of 3rd period - Wrist shot by Lias Andersson.
16:48 of 3rd period - Shot Misses the Net.
16:59 of 3rd period - Marcus Pettersson is hit by Justin Barron and loses puck.
17:06 of 3rd period - Slapshot by Jonah Gadjovich.
17:06 of 3rd period - Stopped by Mads Sogaard without a rebound.
17:07 of 3rd period - Mackenzie MacEachern wins face-off versus Parker Kelly in Laval Squanderers zone.
17:07 of 3rd period - Mackenzie MacEachern is hit by Alexey Toropchenko.
17:10 of 3rd period - Minor Penalty to Oliver Wahlstrom for Holding.
17:11 of 3rd period - Parker Kelly wins face-off versus Brett Howden in Laval Squanderers zone.
17:11 of 3rd period - Backhand shot by Carl Grundstrom.
17:11 of 3rd period - Shot Misses the Net.
17:13 of 3rd period - Slapshot by Marcus Pettersson.
17:13 of 3rd period - Deflect By Connor Clifton.
17:13 of 3rd period - Goal by Marcus Pettersson - Cape Breton Oilers : 6 - Laval Squanderers : 5.
17:14 of 3rd period - Alexey Toropchenko wins face-off versus Brett Howden in neutral zone.
17:18 of 3rd period - Minor Penalty to Marcus Pettersson for Boarding.
17:19 of 3rd period - Oliver Wahlstrom wins face-off versus Carl Grundstrom in Cape Breton Oilers zone.
17:46 of 3rd period - Parker Kelly is hit by Lias Andersson.
18:17 of 3rd period - Icing by Justin Barron.
18:18 of 3rd period - Kody Clark wins face-off versus Simon Holmstrom in Laval Squanderers zone.
19:18 of 3rd period - Penalty to Marcus Pettersson is over, Marcus Pettersson is back on ice.
19:20 of 3rd period - Off-side.
19:21 of 3rd period - Guy Boucher call a timeout for Laval Squanderers.
19:21 of 3rd period - Brett Howden wins face-off versus Parker Kelly in neutral zone.
19:26 of 3rd period - Laval Squanderers, Mads Sogaard is pulled from the net.
19:52 of 3rd period - Wrist shot by Alexey Toropchenko.
19:52 of 3rd period - Shot Blocked by Braden Schneider.
Goals for this period are 5 for Cape Breton Oilers vs 2 for Laval Squanderers.
Shots for this period are 17 for Cape Breton Oilers vs 7 for Laval Squanderers.
Back to the Top